Unix NetHack Version 3.7.0-94 Work-in-progress - last build Dec 18 2023 00:11:04 (7e3deff068b9ef4f2ebb9a71ea0f5c4a3b578a14,branch:master). Game began 2023-12-31 16:58:39, ended 2024-01-01 16:03:26. elenmirie, lawful female human Knight ------- ------ |.....| |....+ |.....| #####.....| ------- |.....| #### |....| |.$$$$| |.%....###### +.....# |.$$$$| ---------------- |.....|# ------# # .$$$$| |..............-########-.....| ### $$$| |..............| #### -.----- #### -.- |...............# ## # ##...............| ## # # ---------------- # ## # #### # ####### # # ---------- # #################### |.....>..| ### # -------+--------#### #-.-----.--- |........-###########################.0............@q# |....{....| |........| # # |..%*..........| |.........| |........|## ##...............| -.........| |........-# |...%..........%#%## |......<..| ---------- ---------------- ----------- Elenmirie the Sergeant St:18/11 Dx:15 Co:18 In:9 Wi:17 Ch:18 Lawful Dlvl:24 $:0 HP:0(98) Pw:105(105) AC:-6 Xp:13/49552 T:17217 Satiated Latest messages: You stop eating the hill giant corpse. You hit the horse! The horse kicks! The horse bites! You kill the horse! There is a partly eaten hill giant corpse here; eat it? [ynq] (n) y You resume your meal. You finish eating the hill giant corpse. You feel very strong! What do you want to take off? [fyEMR or ?*] ? What do you want to take off? [fyEMR or ?*] Never mind. What do you want to remove? [gio or ?*] ? You were wearing an uncursed ring called slow digestion (on right hand). You hear a door open. A glaive misses you. You stop searching. The rock troll bashes with his glaive. The rock troll hits! The rock troll hits! The rock troll bites! You hit the rock troll! The rock troll bashes with his glaive. The rock troll hits! The rock troll hits! The rock troll bites! You hit the rock troll! The rock troll bashes with his glaive. The rock troll hits! The rock troll hits! The rock troll bites! You kill the rock troll! You hit the zruty! You hit the zruty! The zruty hits! The zruty hits again! The zruty bites! You kill the zruty! There is a doorway here. You see here a zruty corpse. The baluchitherium hits! The baluchitherium hits again! The baluchitherium hits! The baluchitherium hits again! You die... Do you want your possessions identified? [ynq] (y) y Do you want to see your attributes? [ynq] (y) y Do you want an account of creatures vanquished? [ynaq] (y) y Do you want to see your conduct and achievements? [ynq] (y) y Do you want to see the dungeon overview? [ynq] (y) y Inventory: Amulets o - an uncursed amulet of reflection (being worn) Weapons a - the blessed rustproof +4 Excalibur (weapon in right hand) b - an uncursed +1 lance (alternate weapon; not wielded) Armor y - an uncursed +0 elven leather helm (being worn) f - an uncursed +0 pair of leather gloves (being worn) R - an uncursed +0 pair of jumping boots (being worn) M - a blessed +0 small shield (being worn) E - an uncursed +0 cloak of protection (being worn) U - an uncursed fireproof +0 mummy wrapping F - a blessed +0 gray dragon scale mail (being worn) Comestibles n - an uncursed food ration L - an uncursed lizard corpse Rings i - an uncursed ring of see invisible (on left hand) g - an uncursed ring of slow digestion Wands W - an uncursed wand of cancellation (0:5) t - an uncursed wand of cold (0:6) v - an uncursed wand of digging (0:5) J - an uncursed wand of fire (0:5) m - an uncursed wand of fire (0:1) X - a blessed wand of light (0:8) H - an uncursed wand of lightning (0:6) Z - an uncursed wand of magic missile (0:4) A - an uncursed wand of sleep (0:7) h - an uncursed wand of striking (0:8) V - a blessed wand of teleportation (0:3) j - an uncursed wand of teleportation (0:6) k - an uncursed wand of teleportation (0:6) Tools w - a blessed greased bag of holding containing 73 items S - an uncursed bugle C - an uncursed can of grease (0:5) p - an uncursed magic whistle K - an uncursed oil lamp e - an uncursed skeleton key O - an uncursed tallow candle x - an uncursed towel u - an uncursed +0 unicorn horn Gems/Stones Q - an uncursed luckstone Contents of the bag of holding: 4199 gold pieces an uncursed holy hand grenade an uncursed C-ration 14 uncursed carrots an uncursed cram ration 13 uncursed food rations 3 uncursed K-rations an uncursed tripe ration an uncursed lizard corpse an uncursed scroll of amnesia 4 uncursed scrolls of blank paper a cursed scroll of blank paper 2 blessed scrolls of charging an uncursed scroll of confuse monster a cursed scroll of confuse monster 2 uncursed scrolls of create monster a blessed scroll of destroy armor a blessed scroll of earth an uncursed scroll of earth 2 uncursed scrolls of enchant armor 2 uncursed scrolls of enchant weapon 2 blessed scrolls of fire 2 uncursed scrolls of fire an uncursed scroll of gold detection an uncursed scroll of light a cursed scroll of light 2 uncursed scrolls of remove curse an uncursed scroll of scare monster an uncursed scroll of stinking cloud a blessed scroll of teleportation 4 uncursed scrolls of teleportation a cursed scroll of teleportation an uncursed potion of acid a blessed potion of extra healing an uncursed potion of gain ability an uncursed potion of healing a cursed potion of healing 2 uncursed potions of monster detection 2 uncursed potions of object detection an uncursed potion of paralysis an uncursed potion of speed 4 potions of holy water 2 uncursed potions of water an uncursed ring of cold resistance an uncursed ring of cold resistance an uncursed ring of cold resistance a cursed ring of fire resistance an uncursed +2 ring of gain constitution an uncursed +1 ring of gain strength a cursed -3 ring of increase damage an uncursed ring of levitation a blessed wand of create monster (0:5) an uncursed wand of create monster (0:14) an uncursed wand of create monster (0:13) an uncursed wand of create monster (0:3) an uncursed wand of create monster (0:0) an uncursed wand of enlightenment (0:13) an uncursed wand of enlightenment (0:7) an uncursed wand of fire (0:6) an uncursed wand of light (0:14) an uncursed wand of lightning (0:6) an uncursed wand of locking (0:3) an uncursed wand of make invisible (0:4) an uncursed wand of make invisible (0:3) an uncursed wand of opening (0:2) an uncursed wand of polymorph (0:5) an uncursed wand of probing (0:5) an uncursed wand of speed monster (0:5) an uncursed wand of striking (0:8) an uncursed wand of striking (0:4) an uncursed wand of striking (0:2) an uncursed wand of undead turning (0:3) an uncursed wand of wishing named (1:2) (1:2) Elenmirie the Knight's attributes: Background: You were a Sergeant, a level 13 female human Knight. You were lawful, on a mission for Lugh who was opposed by Brigit (neutral) and Manannan Mac Lir (chaotic). You were right-handed. You were in the Dungeons of Doom, on level 24. You entered the dungeon 17217 turns ago. You had 49552 experience points, 30448 more were needed to attain level 14. Basics: You had 0 out of 98 hit points. You had all 105 energy points (spell power). Your armor class was -6. Your wallet was empty, but you had 4199 zorkmids stashed away in your pack. Autopickup was on for '$' plus thrown. Final Characteristics: Your strength was 18/11 (limit:18/100). Your dexterity was 15 (limit:18). Your constitution was 18 (limit:18). Your intelligence was 9 (limit:18). Your wisdom was 17 (limit:18). Your charisma was 18 (limit:18). Final Status: You were satiated. You were unencumbered. You were wielding a long sword. You had expert skill with long sword. Final Attributes: You were piously aligned. You were magic-protected. You were fire resistant. You were cold resistant. You were sleep resistant. You were poison resistant. You were level-drain resistant. You saw invisible. You were telepathic. You had automatic searching. You could jump. You could teleport. You were protected. You were fast. You had reflection. You were very lucky. You had extra luck. Bad luck did not time out for you. Good luck did not time out for you. You are dead. Miscellaneous: You never encountered a bones level. Total elapsed playing time was 5 hours, 30 minutes and 15 seconds. Major events: Turn 1: elenmirie the lawful female human Knight entered the dungeon 1270: entered the Gnomish Mines 1276: attained the rank of Esquire (level 3) 4015: attained the rank of Bachelor (level 6) 4768: endured an absurd aquatic ceremony, and now wields Excalibur 5449: made her first wish - "3 blessed scrolls of charging", got "3 scrolls labeled ZELGO MER" 5464: wished for "blessed fixed +3 grey dragon scale mail", got "a gray dragon scale mail" 5778: wished for "blessed fixed greased bag of holding", got "a greased bag" 6333: reached Mine Town 9246: acquired the Mines' End luckstone 10541: entered Sokoban 10768: completed 1st Sokoban level 11173: completed 2nd Sokoban level 11186: attained the rank of Sergeant (level 10) 11568: completed 3rd Sokoban level 17217: killed by a baluchitherium Vanquished creatures: a trapper a vampire leader a lich 2 black puddings a vampire 8 ghosts 4 giant mimics a long worm 2 zruties a rock troll 2 umber hulks 4 large mimics a fire elemental a hill giant 2 giant mummies a xorn 2 giant zombies 4 sergeants a barbed devil 14 small mimics 2 warhorses 2 quantum mechanics a sasquatch a wood golem a large dog 3 freezing spheres 2 tigers 2 gargoyles 2 tengu an ochre jelly a leocrotta an energy vortex 2 mountain centaurs a python a cobra 14 wraiths a carnivorous ape 4 ettin zombies a leather golem a Grey-elf 15 soldiers 2 watchmen 2 amorous demons 2 chameleons a giant beetle 2 cockatrices 4 wolves 2 winter wolf cubs a panther a gremlin a spotted jelly 3 leprechauns an iron piercer a giant spider 7 horses an ice vortex a black light 3 vampire bats 4 gnome rulers an orc mummy 3 rust monsters 2 owlbears 2 yetis 2 gold golems 9 Green-elves 3 lizards 3 chickatrices 2 dingoes 2 dogs a housecat 4 jaguars a gray unicorn a black unicorn a dust vortex 3 ravens 2 plains centaurs 3 snakes 4 apes 11 human zombies 3 fire ants 4 bugbears 2 imps 2 quasits a wood nymph a water nymph 3 mountain nymphs 2 Mordor orcs 3 Uruk-hai 4 rock piercers 5 rock moles 2 ponies 3 fog clouds 6 yellow lights a shrieker a violet fungus 20 gnome leaders 9 gnomish wizards 2 kobold mummies a red naga hatchling 3 gray oozes 2 barrow wights 10 elf zombies 4 ghouls 2 paper golems a giant ant 4 floating eyes 8 dwarves a homunculus a kobold leader 23 hill orcs 5 rothes a rabid rat 2 centipedes a monkey 3 orc zombies 5 dwarf zombies a werejackal 6 iguanas 5 killer bees 2 acid blobs 2 coyotes 4 hobbits a manes 3 large kobolds 8 giant rats 4 cave spiders 2 brown molds 10 yellow molds 2 green molds 2 red molds 65 gnomes 7 gnome zombies 7 geckos 4 jackals 3 foxes 2 kobolds 5 goblins 5 sewer rats 12 grid bugs 7 lichens 5 kobold zombies 12 newts 549 creatures vanquished. No species were genocided or became extinct. Voluntary challenges: You read items or engraved 9 times. You never engraved Elbereth. You never genocided any monsters. You never polymorphed an object. You never changed form. You used 3 wishes. You did not wish for any artifacts. You did not violate any of the special Sokoban rules. Achievements: You entered a shop. You entered the Gnomish Mines. You attained the rank of Esquire. You attained the rank of Bachelor. You entered Minetown. You entered a temple. You completed the Gnomish Mines. You entered Sokoban. You attained the rank of Sergeant. The Dungeons of Doom: levels 1 to 25 Level 1: A fountain. Level 2: Level 3: A general store. Stairs down to The Gnomish Mines. Level 4: An altar, a fountain. Level 5: An altar to Lugh. Level 6: An armor shop, a fountain. Level 7: Many fountains. Oracle of Delphi. Level 8: A wand shop. Stairs up to Sokoban, level 7. Level 9: Level 10: A potion shop, a fountain. Level 11: A fountain. Level 12: A fountain. Level 13: A fountain. Summoned by King Arthur. Level 14: A general store, some fountains. Level 15: A temple and an altar. Level 16: A grave. Level 17: A general store, a fountain. Level 18: A primitive area. Level 19: A fountain, many graves. Level 20: A fountain, a grave. Level 21: Some shops, an altar. Level 22: Level 24: <- You were here. A fountain. Final resting place for you, killed by a baluchitherium. Level 25: The Gnomish Mines: levels 4 to 11 Level 4: Level 5: Level 6: Level 7: Many shops, a temple and an altar to Lugh, many fountains. Level 8: Level 9: Level 10: Level 11: Sokoban: levels 7 up to 4 Level 4: Unsolved. Level 5: Solved. Level 6: Solved. Level 7: Solved. Game over: ---------- / \ / REST \ / IN \ / PEACE \ / \ | elenmirie | | 4199 Au | | killed by a | | baluchitherium | | | | | | 2024 | *| * * * | * _________)/\\_//(\/(/\)/\//\/|_)_______ Fare thee well elenmirie the Knight... You died in The Dungeons of Doom on dungeon level 24 with 101980 points, and 4199 pieces of gold, after 17217 moves. You were level 13 with a maximum of 98 hit points when you died.